 Dungeon Crawl Stone Soup version 0.14.1-23-g35e4e54 (webtiles) character file.

692 BoredOne the Covert (level 6, 0/28 HPs)
             Began as a Spriggan Enchanter on June 13, 2014.
             Was a Follower of Ashenzari.
             Killed from afar by hcnick's ghost (27 damage)
             ... with a bolt of poison
             ... on Level 5 of the Dungeon.
             The game lasted 00:12:36 (4398 turns).

BoredOne the Covert (Spriggan Enchanter)            Turns: 4398, Time: 00:12:37

HP   0/28        AC  3     Str  7      XL: 6   Next: 70%
MP  14/17        EV 18     Int 16      God: Ashenzari [*.....]
Gold 253         SH  0     Dex 17      Spells:  3 memorised,  4 levels left

rFire  . . .     SeeInvis +     l - +2,+1 dagger (speed) (curse)
rCold  . . .     Clarity  .     b - +1 robe (curse)
rNeg   + . .     Conserve .     (shield restricted)
rPois  .         rCorr    .     (helmet restricted)
rElec  .         rRot     .     (no cloak)
SustAb . .       Spirit   .     (gloves unavailable)
rMut   .         Warding  .     (boots unavailable)
Saprov . . .     Stasis   .     (no amulet)
MR     +....                    C - cursed ring of positive energy
                                o - cursed +1 ring of strength

@: lethally poisoned, very slightly contaminated, very quick, somewhat resistant
to hostile enchantments, very stealthy
A: unfitting armour, see invisible, herbivore 3, speed 3, slow metabolism 2
a: Renounce Religion


You were on level 5 of the Dungeon.
You worshipped Ashenzari.
Ashenzari was aware of your devotion.
You were not hungry.

You visited 1 branch of the dungeon, and saw 5 of its levels.

You collected 253 gold pieces.

Inventory:

Hand weapons
 a - a +1,+1 dagger
 l - a cursed +2,+1 dagger of speed (weapon)
Missiles
 d - 12 darts
 i - 3 tomahawks
 v - 3 silver tomahawks (quivered)
Armour
 b - a cursed +1 robe (worn)
Magical devices
 s - a wand of enslavement (8)
Comestibles
 f - an orange
 j - 5 bread rations
 z - a choko
 B - a pear
Scrolls
 g - a scroll of teleportation
 k - 3 scrolls of noise
 r - 3 scrolls of identify
 t - 2 scrolls of curse weapon
 u - 2 scrolls of enchant weapon II
 x - a scroll of recharging
 y - 2 scrolls of enchant weapon I
Jewellery
 o - a cursed +1 ring of strength (left hand)
 C - a cursed ring of positive energy (right hand)
Potions
 e - a potion of poison {unknown}
 h - a potion of agility {unknown}
 m - a potion of degeneration {unknown}
 n - a potion of invisibility {unknown}
 p - a potion of confusion {unknown}
 q - a potion of haste {unknown}
 w - a potion of might {unknown}
 D - a potion of curing
Books
 c - a book of Maledictions

   Spells                             Type                      Level
   *Corona                            Hexes                        1
   Sure Blade                         Hexes/Charms                 2
   *Ensorcelled Hibernation           Hexes/Ice                    2
   *Confuse                           Hexes                        3
   Enslavement                        Hexes                        4
   Invisibility                       Hexes                        6
 A - a book of Frost

   Spells                             Type                      Level
   Freeze                             Ice                          1
   Throw Frost                        Conjuration/Ice              2
   Ozocubu's Armour                   Charms/Ice                   3
   Throw Icicle                       Conjuration/Ice              4
   Summon Ice Beast                   Ice/Summoning                4
   Condensation Shield                Ice                          4


   Skills:
 + Level 5.4 Short Blades
 - Level 1.1 Throwing
 - Level 3.0 Dodging
 + Level 8.2 Stealth
 - Level 2.6 Spellcasting
 - Level 3.6 Hexes


You had 4 spell levels left.
You knew the following spells:

 Your Spells              Type           Power        Failure   Level  Hunger
a - Corona                Hex            ##.....      6%          1    #......
e - Confuse               Hex            ##......     14%         3    ###....
f - Ensorcelled Hibernat  Hex/Ice        #.....       17%         2    ##.....


Dungeon Overview and Level Annotations

Branches:
Dungeon (5/15)
 Temple: D:4-7

Altars:
Ashenzari
Fedhas
Kikubaaqudgha

Annotations:
D:5 hcnick's ghost, experienced DrVM


Innate Abilities, Weirdness & Mutations

You are tiny and cannot use many weapons and most armour.
You have supernaturally acute eyesight.
You are a herbivore.
You cover ground extremely quickly.
You need consume almost no food.


Message History

The blast of negative energy misses you.
Hcnick's ghost is nearby!
A giant eyeball comes into view.
Found a cursed dagger.
The helpless giant eyeball fails to defend itself.
You chop the giant eyeball into pieces!!!
You kill the giant eyeball!
Casting: Ensorcelled Hibernation
Confirm with . or Enter, or press ? or * to list all spells.
Aiming: Confuse
Press: ? - help, Shift-Dir - straight line, f - hcnick's ghost
Aim: hcnick's ghost You miscast Confuse.
You are very lightly contaminated with residual magic.
Your skin glows momentarily.
Hcnick's ghost casts a spell at you. The bolt of poison hits you!
You are poisoned.
Ouch! That really hurt!
You die...

#.#p##+#.#
#.#......#
#.#......####
#.#......P...
##.#..........
#..............
#..p....#.####
#...###.#.#
#.@.# #...#
#...# ###.#
#...#####.#
#..)##....#
#...##.####
######.# #.#
####.# #.<#.#


You could see hcnick's ghost.

Vanquished Creatures
  A phantom (D:3)
  A centaur (D:4)
  3 orc priests
  A worker ant (D:4)
  5 adders
  An orc skeleton (D:3)
  A shadow imp (D:5)
  2 worms
  A giant eyeball (D:5)
  A giant gecko (D:1)
  An ooze (D:2)
  10 orcs
  2 ball pythons
  A bat skeleton (D:4)
  3 giant cockroaches (D:2)
  9 goblins
  6 hobgoblins
  7 jackals
  10 bats
  6 giant newts
  13 kobolds
  A kobold skeleton (D:4)
  5 rats
91 creatures vanquished.

Vanquished Creatures (others)
  A giant gecko (D:2)
1 creature vanquished.

Grand Total: 92 creatures vanquished

Notes
Turn   | Place    | Note
--------------------------------------------------------------
     0 | D:1      | BoredOne, the Spriggan Enchanter, began the quest for the Orb.
     0 | D:1      | Reached XP level 1. HP: 9/9 MP: 4/4
   578 | D:1      | Reached XP level 2. HP: 10/13 MP: 7/7
   582 | D:1      | Learned a level 2 spell: Ensorcelled Hibernation
   950 | D:1      | Reached skill level 2 in Short Blades
   960 | D:1      | Reached skill level 4 in Stealth
  1126 | D:2      | Reached XP level 3. HP: 14/16 MP: 6/9
  1482 | D:2      | Reached skill level 5 in Stealth
  1679 | D:2      | Reached skill level 3 in Short Blades
  1811 | D:2      | Found a shattered altar of Ashenzari.
  1814 | D:2      | Became a worshipper of Ashenzari the Shackled
  1983 | D:2      | Reached XP level 4. HP: 21/21 MP: 12/12
  2007 | D:2      | Learned a level 3 spell: Confuse
  2687 | D:3      | Reached skill level 6 in Stealth
  2933 | D:3      | Found an ancient bone altar of Kikubaaqudgha.
  3013 | D:3      | Noticed a phantom
  3020 | D:3      | Reached XP level 5. HP: 22/24 MP: 14/14
  3089 | D:3      | Killed a phantom
  3089 | D:3      | Reached skill level 4 in Short Blades
  3310 | D:3      | Reached skill level 7 in Stealth
  3574 | D:4      | Reached XP level 6. HP: 17/28 MP: 7/17
  3577 | D:4      | Found a blossoming altar of Fedhas.
  3585 | D:4      | Noticed a centaur
  3607 | D:4      | Killed a centaur
  3607 | D:4      | Reached skill level 5 in Short Blades
  3745 | D:4      | Reached skill level 8 in Stealth
  4366 | D:5      | Entered Level 5 of the Dungeon
  4383 | D:5      | Noticed hcnick's ghost (experienced DrVM)
  4398 | D:5      | Killed from afar by hcnick's ghost

Action                   |  1- 3 |  4- 6 || total
-------------------------+-------+-------++-------
Melee: Dagger            |   140 |   215 ||   355
Throw: Tomahawk          |       |     7 ||     7
 Cast: Ensorcelled Hiber |    12 |    23 ||    35
       Confuse           |       |     7 ||     7
Evoke: Wand              |     1 |       ||     1
  Use: Scroll            |     2 |     7 ||     9
       Potion            |       |     5 ||     5
 Stab: Sleeping          |    13 |    25 ||    38
       Confused          |       |     1 ||     1
Dungeon Crawl Stone Soup version 0.14.1-23-g35e4e54 (webtiles) character file. 692 BoredOne the Covert (level 6, 0/28 HPs) Began as a Spriggan Enchanter on June 13, 2014. Was a Follower of Ashenzari. Killed from afar by hcnick's ghost (27 damage) ... with a bolt of poison ... on Level 5 of the Dungeon. The game lasted 00:12:36 (4398 turns). BoredOne the Covert (Spriggan Enchanter) Turns: 4398, Time: 00:12:37 HP 0/28 AC 3 Str 7 XL: 6 Next: 70% MP 14/17 EV 18 Int 16 God: Ashenzari [*.....] Gold 253 SH 0 Dex 17 Spells: 3 memorised, 4 levels left rFire . . . SeeInvis + l - +2,+1 dagger (speed) (curse) rCold . . . Clarity . b - +1 robe (curse) rNeg + . . Conserve . (shield restricted) rPois . rCorr . (helmet restricted) rElec . rRot . (no cloak) SustAb . . Spirit . (gloves unavailable) rMut . Warding . (boots unavailable) Saprov . . . Stasis . (no amulet) MR +.... C - cursed ring of positive energy o - cursed +1 ring of strength @: lethally poisoned, very slightly contaminated, very quick, somewhat resistant to hostile enchantments, very stealthy A: unfitting armour, see invisible, herbivore 3, speed 3, slow metabolism 2 a: Renounce Religion You were on level 5 of the Dungeon. You worshipped Ashenzari. Ashenzari was aware of your devotion. You were not hungry. You visited 1 branch of the dungeon, and saw 5 of its levels. You collected 253 gold pieces. Dungeon Overview and Level Annotations Branches: Dungeon (5/15) Temple: D:4-7 Altars: Ashenzari Fedhas Kikubaaqudgha Annotations: D:5 hcnick's ghost, experienced DrVM Innate Abilities, Weirdness & Mutations You are tiny and cannot use many weapons and most armour. You have supernaturally acute eyesight. You are a herbivore. You cover ground extremely quickly. You need consume almost no food. Skills: + Level 5.4 Short Blades - Level 1.1 Throwing - Level 3.0 Dodging + Level 8.2 Stealth - Level 2.6 Spellcasting - Level 3.6 Hexes You had 4 spell levels left. You knew the following spells: Your Spells Type Power Failure Level Hunger a - Corona Hex ##..... 6% 1 #...... e - Confuse Hex ##...... 14% 3 ###.... f - Ensorcelled Hibernat Hex/Ice #..... 17% 2 ##..... Inventory: Hand weapons a - a +1,+1 dagger l - a cursed +2,+1 dagger of speed (weapon) Missiles d - 12 darts i - 3 tomahawks v - 3 silver tomahawks (quivered) Armour b - a cursed +1 robe (worn) Magical devices s - a wand of enslavement (8) Comestibles f - an orange j - 5 bread rations z - a choko B - a pear Scrolls g - a scroll of teleportation k - 3 scrolls of noise r - 3 scrolls of identify t - 2 scrolls of curse weapon u - 2 scrolls of enchant weapon II x - a scroll of recharging y - 2 scrolls of enchant weapon I Jewellery o - a cursed +1 ring of strength (left hand) C - a cursed ring of positive energy (right hand) Potions e - a potion of poison {unknown} h - a potion of agility {unknown} m - a potion of degeneration {unknown} n - a potion of invisibility {unknown} p - a potion of confusion {unknown} q - a potion of haste {unknown} w - a potion of might {unknown} D - a potion of curing Books c - a book of Maledictions Spells Type Level *Corona Hexes 1 Sure Blade Hexes/Charms 2 *Ensorcelled Hibernation Hexes/Ice 2 *Confuse Hexes 3 Enslavement Hexes 4 Invisibility Hexes 6 A - a book of Frost Spells Type Level Freeze Ice 1 Throw Frost Conjuration/Ice 2 Ozocubu's Armour Charms/Ice 3 Throw Icicle Conjuration/Ice 4 Summon Ice Beast Ice/Summoning 4 Condensation Shield Ice 4 Message History The blast of negative energy misses you. Hcnick's ghost is nearby! A giant eyeball comes into view. Found a cursed dagger. The helpless giant eyeball fails to defend itself. You chop the giant eyeball into pieces!!! You kill the giant eyeball! Casting: Ensorcelled Hibernation Confirm with . or Enter, or press ? or * to list all spells. Aiming: Confuse Press: ? - help, Shift-Dir - straight line, f - hcnick's ghost Aim: hcnick's ghost You miscast Confuse. You are very lightly contaminated with residual magic. Your skin glows momentarily. Hcnick's ghost casts a spell at you. The bolt of poison hits you! You are poisoned. Ouch! That really hurt! You die... #.#p##+#.# #.#......# #.#......#### #.#......P... ##.#.......... #.............. #..p....#.#### #...###.#.# #.@.# #...# #...# ###.# #...#####.# #..)##....# #...##.#### ######.# #.# ####.# #.<#.# You could see hcnick's ghost.

Action                   |  1- 3 |  4- 6 || total
-------------------------+-------+-------++-------
Melee: Dagger            |   140 |   215 ||   355
Throw: Tomahawk          |       |     7 ||     7
 Cast: Ensorcelled Hiber |    12 |    23 ||    35
       Confuse           |       |     7 ||     7
Evoke: Wand              |     1 |       ||     1
  Use: Scroll            |     2 |     7 ||     9
       Potion            |       |     5 ||     5
 Stab: Sleeping          |    13 |    25 ||    38
       Confused          |       |     1 ||     1

Vanquished Creatures
  A phantom (D:3)
  A centaur (D:4)
  3 orc priests
  A worker ant (D:4)
  5 adders
  An orc skeleton (D:3)
  A shadow imp (D:5)
  2 worms
  A giant eyeball (D:5)
  A giant gecko (D:1)
  An ooze (D:2)
  10 orcs
  2 ball pythons
  A bat skeleton (D:4)
  3 giant cockroaches (D:2)
  9 goblins
  6 hobgoblins
  7 jackals
  10 bats
  6 giant newts
  13 kobolds
  A kobold skeleton (D:4)
  5 rats
91 creatures vanquished.

Vanquished Creatures (others)
  A giant gecko (D:2)
1 creature vanquished. Grand Total:
92 creatures vanquished Notes Turn | Place | Note -------------------------------------------------------------- 0 | D:1 | BoredOne, the Spriggan Enchanter, began the quest for the Orb. 0 | D:1 | Reached XP level 1. HP: 9/9 MP: 4/4 578 | D:1 | Reached XP level 2. HP: 10/13 MP: 7/7 582 | D:1 | Learned a level 2 spell: Ensorcelled Hibernation 950 | D:1 | Reached skill level 2 in Short Blades 960 | D:1 | Reached skill level 4 in Stealth 1126 | D:2 | Reached XP level 3. HP: 14/16 MP: 6/9 1482 | D:2 | Reached skill level 5 in Stealth 1679 | D:2 | Reached skill level 3 in Short Blades 1811 | D:2 | Found a shattered altar of Ashenzari. 1814 | D:2 | Became a worshipper of Ashenzari the Shackled 1983 | D:2 | Reached XP level 4. HP: 21/21 MP: 12/12 2007 | D:2 | Learned a level 3 spell: Confuse 2687 | D:3 | Reached skill level 6 in Stealth 2933 | D:3 | Found an ancient bone altar of Kikubaaqudgha. 3013 | D:3 | Noticed a phantom 3020 | D:3 | Reached XP level 5. HP: 22/24 MP: 14/14 3089 | D:3 | Killed a phantom 3089 | D:3 | Reached skill level 4 in Short Blades 3310 | D:3 | Reached skill level 7 in Stealth 3574 | D:4 | Reached XP level 6. HP: 17/28 MP: 7/17 3577 | D:4 | Found a blossoming altar of Fedhas. 3585 | D:4 | Noticed a centaur 3607 | D:4 | Killed a centaur 3607 | D:4 | Reached skill level 5 in Short Blades 3745 | D:4 | Reached skill level 8 in Stealth 4366 | D:5 | Entered Level 5 of the Dungeon 4383 | D:5 | Noticed hcnick's ghost (experienced DrVM) 4398 | D:5 | Killed from afar by hcnick's ghost

Vault maps used:
D:1:      eino_arrival_water_star
D:2:      ashenzari_altar_1
D:3:      kiku_gazebo_garden_becter, first_bread, minmay_misc_feat_five
D:4:      fedhas_bush_and_centaur_altar
D:5:      corexii_shack_village, basic_altar, uniq_duvessa
